 Dungeon Crawl Stone Soup version 0.20.1-1-g8b1a95d (webtiles) character file.

155 dstrtn the Cudgeler (level 5, -3/40 HPs)
             Began as a Human Artificer on Sept 25, 2017.
             Slain by Grinder (6 damage)
             ... on level 3 of the Dungeon.
             The game lasted 00:23:43 (3408 turns).

dstrtn the Cudgeler (Human Artificer)               Turns: 3408, Time: 00:23:44

Health: -3/40      AC:  5    Str: 14    XL:     5   Next: 63%
Magic:  7/7        EV: 16    Int: 11    God:
Gold:   99         SH:  0    Dex: 18    Spells: 4/4 levels left

rFire    . . .     SeeInvis .   a - +0 whip
rCold    . . .     Gourm    .   (no shield)
rNeg     . . .     Faith    .   q - +0 ring mail
rPois    .         Spirit   .   (no helmet)
rElec    .         Reflect  .   (no cloak)
rCorr    .         Harm     .   (no gloves)
MR       .....                  (no boots)
Stlth    ++........             (no amulet)
Regen    0.2/turn               (no ring)
MPRegen  0.1/turn               (no ring)

@: agile
A: no striking features
a: no special abilities


You were on level 3 of the Dungeon.
You were not hungry.

You visited 1 branch of the dungeon, and saw 3 of its levels.

You collected 99 gold pieces.

Inventory:

Hand Weapons
 a - a +0 whip (weapon)
 b - a +0 hunting sling
 g - a +0 short sword
Missiles
 i - 54 stones (quivered)
Armour
 q - a +0 ring mail (worn)
 t - a +0 leather armour
Jewellery
 l - an uncursed ring of protection from fire {unknown}
 s - an uncursed amulet of the gourmand {unknown}
Wands
 c - a wand of flame (0/48)
 d - a wand of enslavement (0/24)
 e - a wand of random effects (7/48)
Scrolls
 k - a scroll of immolation
 o - a scroll of magic mapping
Potions
 m - 2 potions of flight
Comestibles
 f - a bread ration
 p - 3 chunks of flesh
 r - a royal jelly


   Skills:
 - Level 2.8 Fighting
 - Level 1.0 Short Blades
 + Level 3.7 Maces & Flails
 - Level 2.0 Dodging
 - Level 1.0 Stealth
 - Level 3.2 Evocations


You had 4 spell levels left.
You didn't know any spells.

Dungeon Overview and Level Annotations

Branches:
Dungeon (3/15)

Altars:
Ashenzari
Elyvilon

Annotations:
D:3 Grinder


Message History

* * * LOW HITPOINT WARNING * * *
Grinder blinks!
It was a potion of agility.
You feel agile all of a sudden. The gnoll closely misses you.
Grinder barely misses your frilled lizard.
Your frilled lizard closely misses Grinder.
Your frilled lizard bites Grinder but does no damage.
Evoke which item? (* to show all) (? for menu, Esc to quit)
Aiming: Random Effects
Press: ? - help, Shift-Dir - straight line, f - Grinder, p - gnoll
Aim: Grinder (almost dead) Grinder looks slightly unstable.
This wand has 7 charges left.
The gnoll hits you but does no damage. Grinder hits you.
* * * LOW HITPOINT WARNING * * *
You writhe in agony.
* * * LOW HITPOINT WARNING * * *
Your frilled lizard bites Grinder but does no damage.
Grinder hits you.
You die...

#....### #.......##
*.#* #.
###.##...###..###.##
*..* #.
#...####......###[#####
*#.#* #. #>###
*#..............#
*..**#.
..#***#.....##........#
**,,*#.
.##.>.....####........#
*#...... .##.......#
#........# *#.......
###.......# #..gg....#
*........ #.......#
#..@5l...# *........
######### #........#
*[....### #........#
*.....* #..<.....#
*.....* #........#
**,,,,* * ##########
**,,,* * ***** * * *


You could see Grinder, 2 gnolls and a friendly frilled lizard.

Vanquished Creatures
  Ijyb (D:3)
  5 adders
  4 worms
  2 dart slugs
  4 leopard geckos
  2 ball pythons
  4 giant cockroaches
  9 goblins
  11 hobgoblins
  9 jackals
  6 bats
  3 frilled lizards
  6 kobolds
  A quokka skeleton (D:3)
  9 rats
76 creatures vanquished.

Vanquished Creatures (collateral kills)
  A jackal (D:1)
  2 kobolds (D:1)
  2 rats (D:1)
5 creatures vanquished.

Grand Total: 81 creatures vanquished

Notes
Turn   | Place    | Note
-------+----------+-------------------------------------------
     0 | D:1      | dstrtn the Human Artificer began the quest for the Orb.
     0 | D:1      | Reached XP level 1. HP: 15/15 MP: 3/3
   195 | D:1      | Reached XP level 2. HP: 21/21 MP: 4/4
   612 | D:1      | Reached XP level 3. HP: 27/28 MP: 5/5
  1532 | D:2      | Reached skill level 1 in Maces & Flails
  1702 | D:2      | Reached XP level 4. HP: 30/34 MP: 6/6
  2303 | D:3      | Reached XP level 5. HP: 32/40 MP: 7/7
  2344 | D:3      | Found a shattered altar of Ashenzari.
  2782 | D:3      | Noticed Grinder
  3336 | D:3      | Found a white marble altar of Elyvilon.
  3338 | D:3      | Noticed Ijyb
  3387 | D:3      | Your ally died
  3408 | D:3      | Slain by Grinder

Skill      XL: |  1  2  3  4  5 |
---------------+----------------+-----
Fighting       | 2 |  2.8
Maces & Flails | 1 2 3 |  3.7
Short Blades   | |  1.0
Dodging        | |  2.0
Stealth        | |  1.0
Evocations     | |  3.2

Action                   |  1- 3 |  4- 6 || total
-------------------------+-------+-------++-------
Melee: Short sword       |    77 |       ||    77
       Whip              |    66 |   217 ||   283
Throw: Stone             |     4 |    16 ||    20
Evoke: Wand              |    13 |    25 ||    38
  Use: Scroll            |       |     5 ||     5
       Potion            |       |     2 ||     2
 Stab: Sleeping          |     2 |       ||     2
       Paralysed         |       |    15 ||    15
       Confused          |       |     1 ||     1
  Eat: Chunk             |     3 |     5 ||     8
Armor: Leather armour    |    36 |    44 ||    80
       Ring mail         |       |     6 ||     6
Dodge: Dodged            |    81 |   115 ||   196
